Philadelphia Phantoms vs Havana Tropicals
Created - Saturday, April 1, 2023 at 11:08
Goals
|
| Philadelphia Phantoms |
0 |
1 |
2 |
3 |
| Havana Tropicals |
1 |
2 |
2 |
5 |
|
Shots
|
| Philadelphia Phantoms |
8 |
12 |
23 |
43 |
| Havana Tropicals |
13 |
14 |
9 |
36 |
|
1st period
1. Havana Tropicals , Henrik Borgstrom 3 (Alexander Nylander 4, Timothy Liljegren 8) at 9:17
Penalties :
Milan Lucic (HAV) for Fighting (Major) at 5:07, Jacob Larsson (PHI) for Fighting (Major) at 5:07, Brandon Duhaime (PHI) for Tripping (Minor) at 11:05, Casey Fitzgerald (PHI) for Holding (Minor) at 16:45, Milan Lucic (HAV) for Hooking (Minor) at 17:19
2nd period
2. Havana Tropicals , Chris Tierney 9 (Sammy Blais 8) at 0:42
3. Havana Tropicals , Pierre-Edouard Bellemare 10 (Teddy Blueger 25, Robert Bortuzzo 5) at 1:42
4. Philadelphia Phantoms , Otto Koivula 2 (Mason Shaw 2, Alexander Holtz 5) at 11:11
Penalties :
Sammy Blais (HAV) for Hooking (Minor) at 4:47, Nolan Foote (HAV) for Tripping (Minor) at 12:34
3rd period
5. Philadelphia Phantoms , Otto Koivula 3 (Mason Shaw 3) at 6:16
6. Havana Tropicals , Sammy Blais 6 (Timothy Liljegren 9, Chris Tierney 10) at 10:15
7. Philadelphia Phantoms , Mason Shaw 1 (Blake Lizotte 17, Nathan Bastian 15) at 13:32 (PP)
8. Havana Tropicals , Philipp Kurashev 5 (Teddy Blueger 26) at 13:39 (PP)
Penalties :
Zach Whitecloud (HAV) for Fighting (Major) at 3:28, Brett Murray (PHI) for Fighting (Major) at 3:28, Milan Lucic (HAV) for Fighting (Major) at 10:26, Nick Cousins (PHI) for Fighting (Major) at 10:26, Dean Kukan (HAV) for Holding (Minor) at 13:11, Pierre-Edouard Bellemare (HAV) for Fighting (Major) at 13:33, Casey Fitzgerald (PHI) for Fighting (Major) at 13:33, Casey Fitzgerald (PHI) for instigated a fight (Minor) at 13:33, Casey Fitzgerald (PHI) for instigated a fight (10 Minutes Misconduct) at 13:33
Goalie Stats
Connor Ingram (PHI), 31 saves from 36 shots - (0.861), L, 6-4-1, 60:00 minutes
Arvid Soderblom (HAV), 40 saves from 43 shots - (0.930), W, 1-2-0, 60:00 minutes
Players Stats for Philadelphia Phantoms
Player Name G A P +/- PIM S H SB GA TA FO MP PP MP PK MP
------------------------------------------------------------------------------------
Adam Ruzicka 0 0 0 -1 0 1 0 0 0 0 3/5 11:47 2:09 0:00
Alexander Holtz 0 1 1 1 0 5 0 2 1 1 0/0 11:51 0:00 1:19
Blake Lizotte 0 1 1 -1 0 3 0 1 2 0 13/21 19:05 2:30 0:00
Brad Hunt 0 0 0 -2 0 0 0 3 0 2 0/0 19:02 2:40 1:44
Brandon Duhaime 0 0 0 -1 2 0 0 0 0 0 0/0 9:52 0:00 0:19
Brett Murray 0 0 0 -1 5 0 0 0 0 0 0/2 13:47 0:00 0:52
Carson Meyer 0 0 0 -1 0 0 1 0 0 0 0/1 9:30 0:00 0:00
Casey Fitzgerald 0 0 0 -2 19 3 4 0 0 1 0/0 20:05 0:14 0:29
Erik Gustafsson 0 0 0 -2 0 3 1 1 0 1 0/0 26:03 2:40 0:00
Jacob Larsson 0 0 0 2 5 2 0 1 0 1 0/0 18:11 2:13 0:00
Jaret Anderson-Dolan 0 0 0 -1 0 0 1 0 0 0 10/20 17:48 2:04 0:09
Mason Shaw 1 2 3 1 0 6 1 0 0 1 7/10 15:30 0:40 1:20
Nathan Bastian 0 1 1 -1 0 12 1 1 0 1 1/3 18:33 2:30 0:00
Nick Cousins 0 0 0 -1 5 0 2 0 1 1 0/1 17:09 2:23 0:00
Noah Juulsen 0 0 0 -1 0 0 4 2 0 2 0/0 18:27 2:13 1:33
Otto Koivula 2 0 2 1 0 5 0 0 1 1 1/5 12:03 0:00 1:19
Tyson Foerster 0 0 0 -1 0 0 2 0 0 0 0/0 19:24 2:09 0:00
William Borgen 0 0 0 1 0 3 4 2 0 2 0/0 17:43 0:00 1:32
Players Stats for Havana Tropicals
Player Name G A P +/- PIM S H SB GA TA FO MP PP MP PK MP
------------------------------------------------------------------------------------
Alexander Nylander 0 1 1 1 0 0 0 0 1 0 0/0 7:23 0:00 0:00
Chris Tierney 1 1 2 1 0 6 4 0 3 0 8/16 17:49 1:12 1:34
Dean Kukan 0 0 0 0 2 0 1 0 0 1 0/0 14:16 0:00 0:00
Dennis Cholowski 0 0 0 0 0 0 0 3 0 0 0/0 15:10 0:00 0:00
Emil Bemstrom 0 0 0 0 0 2 0 1 1 0 0/0 10:40 0:00 0:00
Henrik Borgstrom 1 0 1 1 0 3 0 0 0 0 2/4 8:11 0:00 0:00
Milan Lucic 0 0 0 1 12 0 1 0 0 0 0/0 14:24 1:11 0:00
Nolan Foote 0 0 0 1 2 1 0 0 0 0 0/0 7:11 0:00 0:00
Pavel Dorofeyev 0 0 0 0 0 1 0 0 0 0 0/0 10:43 0:00 0:11
Philipp Kurashev 1 0 1 0 0 2 0 0 1 0 1/5 13:59 0:06 0:00
Pierre-Edouard Bellemare 1 0 1 0 5 5 2 0 2 1 2/2 21:30 1:21 3:08
Robert Bortuzzo 0 1 1 -1 0 3 1 4 0 0 0/0 27:24 1:29 2:38
Sammy Blais 1 1 2 1 2 4 0 1 1 0 0/0 15:57 1:12 0:00
Teddy Blueger 0 2 2 0 0 3 0 2 1 0 19/40 23:29 1:27 3:08
Timothy Liljegren 0 2 2 3 0 1 0 0 1 1 0/0 18:19 1:10 2:15
Tucker Poolman 0 0 0 2 0 1 0 0 0 1 0/0 19:39 1:10 2:15
Zach Aston-Reese 0 0 0 0 0 2 4 1 1 0 1/1 22:20 1:27 1:45
Zach Whitecloud 0 0 0 0 5 2 2 2 2 1 0/0 25:10 1:29 2:38
3 Stars
1 - Chris Tierney (HAV)
2 - Mason Shaw (PHI)
3 - Otto Koivula (PHI)
Power Play
Philadelphia Phantoms - 1 on 4 Attempt(s) - 25.00%
Havana Tropicals - 1 on 3 Attempt(s) - 33.33%
Penalty Kill
Philadelphia Phantoms - 2 on 3 Attempt(s) - 66.67%
- Score 0 goal in Penalty Kill
Havana Tropicals - 3 on 4 Attempt(s) - 75.00%
- Score 0 goal in Penalty Kill
Team Stat
Philadelphia Phantoms - Hits : 21 - Faceoff Wins : 35 - Blocked Shots : 13 - Penalty Minutes : 36
Havana Tropicals - Hits : 15 - Faceoff Wins : 33 - Blocked Shots : 14 - Penalty Minutes : 28
Official
Referees : Mark Lemelin and Kyle Rehman
Linesman : John Grandt and Mark Wheler
Game Notes
Milan Lucic beats up Jacob Larsson at 5:07 of 1st period
Zach Whitecloud and Brett Murray fight to a draw at 3:28 of 3rd period
Milan Lucic and Nick Cousins fight to a draw at 10:26 of 3rd period
Casey Fitzgerald beats up Pierre-Edouard Bellemare at 13:33 of 3rd period
Philadelphia Phantoms
5 vs 5 Forward
Center Left Wing Right Wing Time % Phy DF OF
1 Blake Lizotte Nick Cousins Tyson Foerster 35 0 1 4
2 Jaret Anderson-Dolan Brett Murray Nathan Bastian 35 0 1 4
3 Mason Shaw Otto Koivula Alexander Holtz 20 0 3 2
4 Adam Ruzicka Brandon Duhaime Carson Meyer 10 1 3 1
5 vs 5 Defense
Defense Defense Time % Phy DF OF
1 Erik Gustafsson Casey Fitzgerald 35 0 3 2
2 Jacob Larsson William Borgen 30 0 3 2
3 Brad Hunt Noah Juulsen 25 0 3 2
4 Erik Gustafsson Casey Fitzgerald 10 0 3 2
PowerPlay Forward
Center Left Wing Right Wing Time % Phy DF OF
1 Blake Lizotte Nick Cousins Nathan Bastian 60 0 1 4
2 Jaret Anderson-Dolan Adam Ruzicka Tyson Foerster 40 0 1 4
PowerPlay Defense
Defense Defense Time % Phy DF OF
1 Erik Gustafsson Brad Hunt 60 0 1 4
2 Noah Juulsen Jacob Larsson 40 0 1 4
Penalty Kill 4 Players Forward
Center Wing Time % Phy DF OF
1 Otto Koivula Alexander Holtz 50 0 4 1
2 Mason Shaw Brandon Duhaime 50 0 4 1
Penalty Kill 4 Players Defense
Defense Defense Time % Phy DF OF
1 Casey Fitzgerald William Borgen 55 0 4 1
2 Noah Juulsen Brad Hunt 45 0 4 1
Penalty Kill - 3 Players Forward
Forward Time % Phy DF OF
1 Alexander Holtz 50 0 5 0
2 Mason Shaw 50 0 5 0
Penalty Kill - 3 Players Defense
Defense Defense Time % Phy DF OF
1 Casey Fitzgerald William Borgen 55 0 5 0
2 Noah Juulsen Brad Hunt 45 0 5 0
4 vs 4 Forward
Center Wing Time % Phy DF OF
1 Blake Lizotte Nathan Bastian 50 0 2 3
2 Nick Cousins Jaret Anderson-Dolan 50 0 2 3
4 vs 4 Defense
Defense Defense Time % Phy DF OF
1 Erik Gustafsson Casey Fitzgerald 50 0 3 2
2 Jacob Larsson William Borgen 50 0 3 2
Last Minutes Offensive
Center Left Wing Right Wing Defense Defense
Blake Lizotte Nick Cousins Nathan Bastian Erik Gustafsson Brad Hunt
Last Minutes Defensive
Center Left Wing Right Wing Defense Defense
Mason Shaw Otto Koivula Alexander Holtz Casey Fitzgerald William Borgen
Goaltenders
Starting : Connor Ingram
Backup : Dereck Baribeau
Extra Forwards
Normal : Mason Shaw, Tyson Foerster, Brett Murray - PP : Mason Shaw, Tyson Foerster - PK : Brett Murray
Extra Defensemen
Normal : Jacob Larsson, Brad Hunt, William Borgen - PP : Jacob Larsson - PK : Brad Hunt, William Borgen
Penalty Shots
Nick Cousins, Jaret Anderson-Dolan, Tyson Foerster, Erik Gustafsson, Mason Shaw
Havana Tropicals
5 vs 5 Forward
Center Left Wing Right Wing Time % Phy DF OF
1 Teddy Blueger Pierre-Edouard Bellemare Zach Aston-Reese 40 1 2 2
2 Chris Tierney Milan Lucic Sammy Blais 30 1 2 2
3 Philipp Kurashev Emil Bemstrom Pavel Dorofeyev 20 1 2 2
4 Henrik Borgstrom Nolan Foote Alexander Nylander 10 1 2 2
5 vs 5 Defense
Defense Defense Time % Phy DF OF
1 Zach Whitecloud Robert Bortuzzo 40 1 2 2
2 Tucker Poolman Timothy Liljegren 30 1 2 2
3 Dean Kukan Dennis Cholowski 20 1 2 2
4 Zach Whitecloud Robert Bortuzzo 10 1 2 2
PowerPlay Forward
Center Left Wing Right Wing Time % Phy DF OF
1 Teddy Blueger Pierre-Edouard Bellemare Zach Aston-Reese 60 1 2 2
2 Chris Tierney Milan Lucic Sammy Blais 40 1 2 2
PowerPlay Defense
Defense Defense Time % Phy DF OF
1 Zach Whitecloud Robert Bortuzzo 60 1 2 2
2 Tucker Poolman Timothy Liljegren 40 1 2 2
Penalty Kill 4 Players Forward
Center Wing Time % Phy DF OF
1 Teddy Blueger Pierre-Edouard Bellemare 60 1 2 2
2 Chris Tierney Zach Aston-Reese 40 1 2 2
Penalty Kill 4 Players Defense
Defense Defense Time % Phy DF OF
1 Zach Whitecloud Robert Bortuzzo 60 1 2 2
2 Tucker Poolman Timothy Liljegren 40 1 2 2
Penalty Kill - 3 Players Forward
Forward Time % Phy DF OF
1 Teddy Blueger 60 1 2 2
2 Pierre-Edouard Bellemare 40 1 2 2
Penalty Kill - 3 Players Defense
Defense Defense Time % Phy DF OF
1 Zach Whitecloud Robert Bortuzzo 60 1 2 2
2 Tucker Poolman Timothy Liljegren 40 1 2 2
4 vs 4 Forward
Center Wing Time % Phy DF OF
1 Teddy Blueger Pierre-Edouard Bellemare 60 1 2 2
2 Chris Tierney Zach Aston-Reese 40 1 2 2
4 vs 4 Defense
Defense Defense Time % Phy DF OF
1 Zach Whitecloud Robert Bortuzzo 60 1 2 2
2 Tucker Poolman Timothy Liljegren 40 1 2 2
Last Minutes Offensive
Center Left Wing Right Wing Defense Defense
Teddy Blueger Pierre-Edouard Bellemare Zach Aston-Reese Zach Whitecloud Robert Bortuzzo
Last Minutes Defensive
Center Left Wing Right Wing Defense Defense
Teddy Blueger Pierre-Edouard Bellemare Zach Aston-Reese Zach Whitecloud Robert Bortuzzo
Goaltenders
Starting : Arvid Soderblom
Backup : Daniil Tarasov
Extra Forwards
Normal : Philipp Kurashev, Emil Bemstrom, Pavel Dorofeyev - PP : Philipp Kurashev, Emil Bemstrom - PK : Pavel Dorofeyev
Extra Defensemen
Normal : Dean Kukan, Dennis Cholowski, Tucker Poolman - PP : Dean Kukan - PK : Dennis Cholowski, Tucker Poolman
Penalty Shots
Teddy Blueger, Pierre-Edouard Bellemare, Chris Tierney, Zach Aston-Reese, Milan Lucic
% Time on Ice - Philadelphia Phantoms
Lines # - Real PCT - Wanted PCT - Time Play
Normal Forward
1 - 31% - 35% - 16:00
2 - 29% - 35% - 15:01
3 - 21% - 20% - 10:32
4 - 19% - 10% - 9:30
Normal Defense
1 - 37% - 35% - 19:04
2 - 28% - 30% - 14:09
3 - 27% - 25% - 13:38
4 - 8% - 10% - 4:12
PP Forward
1 - 51% - 60% - 2:30
2 - 49% - 40% - 2:23
PP Defense
1 - 55% - 60% - 2:40
2 - 45% - 40% - 2:13
PK Forward
1 - 50% - 50% - 1:19
2 - 50% - 50% - 1:20
PK Defense
1 - 58% - 55% - 1:32
2 - 42% - 45% - 1:07
PK3 Forward
1 - 0% - 50%
2 - 0% - 50%
PK3 Defense
1 - 0% - 55%
2 - 0% - 45%
44 Forward
1 - 55% - 50% - 0:47
2 - 45% - 50% - 0:38
44 Defense
1 - 68% - 50% - 0:58
2 - 32% - 50% - 0:27
Last Minute Offensive - 0:00
Last Minute Defensive - 0:00
Total
Forward - 60:00
Defense - 60:00
|
% Time on Ice - Havana Tropicals
Lines # - Real PCT - Wanted PCT - Time Play
Normal Forward
1 - 37% - 40% - 19:08
2 - 30% - 30% - 15:29
3 - 18% - 20% - 9:17
4 - 14% - 10% - 7:09
Normal Defense
1 - 40% - 40% - 20:15
2 - 28% - 30% - 14:31
3 - 28% - 20% - 14:17
4 - 4% - 10% - 2:00
PP Forward
1 - 55% - 60% - 1:27
2 - 45% - 40% - 1:12
PP Defense
1 - 56% - 60% - 1:29
2 - 44% - 40% - 1:10
PK Forward
1 - 68% - 60% - 3:19
2 - 32% - 40% - 1:34
PK Defense
1 - 54% - 60% - 2:38
2 - 46% - 40% - 2:15
PK3 Forward
1 - 0% - 60%
2 - 0% - 40%
PK3 Defense
1 - 0% - 60%
2 - 0% - 40%
44 Forward
1 - 80% - 60% - 1:08
2 - 20% - 40% - 0:17
44 Defense
1 - 73% - 60% - 1:02
2 - 27% - 40% - 0:23
Last Minute Offensive - 0:00
Last Minute Defensive - 0:00
Total
Forward - 60:00
Defense - 60:00
|
Play-by-Play
1st period
0:01 of 1st period - Pierre-Edouard Bellemare wins face-off versus Blake Lizotte in neutral zone.
0:03 of 1st period - Off-side.
0:04 of 1st period - Blake Lizotte wins face-off versus Teddy Blueger in neutral zone.
0:36 of 1st period - Erik Gustafsson is hit by Pierre-Edouard Bellemare and loses puck.
1:21 of 1st period - Wrist shot by Teddy Blueger.
1:21 of 1st period - Stopped by Connor Ingram without a rebound.
1:22 of 1st period - Jaret Anderson-Dolan wins face-off versus Chris Tierney in Philadelphia Phantoms zone.
1:58 of 1st period - Snap shot by Emil Bemstrom.
1:58 of 1st period - Deflect By Pavel Dorofeyev.
1:58 of 1st period - Shot Blocked by Alexander Holtz.
1:58 of 1st period - Puck is out of play.
1:59 of 1st period - Chris Tierney wins face-off versus Nathan Bastian in Philadelphia Phantoms zone.
4:01 of 1st period - Backhand shot by Nick Cousins.
4:01 of 1st period - Deflect By Alexander Holtz.
4:01 of 1st period - Shot Blocked by Zach Whitecloud.
4:01 of 1st period - Puck is out of play.
4:02 of 1st period - Mason Shaw wins face-off versus Philipp Kurashev in Havana Tropicals zone.
4:35 of 1st period - Wrist shot by Jaret Anderson-Dolan.
4:35 of 1st period - Shot Blocked by Sammy Blais.
4:37 of 1st period - Wrist shot by Brett Murray.
4:37 of 1st period - Deflect By Jaret Anderson-Dolan.
4:37 of 1st period - Shot Misses the Net.
4:37 of 1st period - Puck is out of play.
4:38 of 1st period - Chris Tierney wins face-off versus Jaret Anderson-Dolan in Havana Tropicals zone.
4:53 of 1st period - Wrist shot by Jaret Anderson-Dolan.
4:53 of 1st period - Shot Blocked by Robert Bortuzzo.
5:03 of 1st period - Zach Whitecloud is hit by Carson Meyer and loses puck.
5:07 of 1st period - Milan Lucic beats up Jacob Larsson.
5:07 of 1st period - Penalty to Milan Lucic for Fighting.
5:07 of 1st period - Penalty to Jacob Larsson for Fighting.
5:08 of 1st period - Jaret Anderson-Dolan wins face-off versus Teddy Blueger in Havana Tropicals zone.
6:39 of 1st period - Slapshot by Emil Bemstrom.
6:39 of 1st period - Deflect By Brad Hunt.
6:39 of 1st period - Shot Misses the Net.
6:39 of 1st period - Puck is out of play.
6:40 of 1st period - Philipp Kurashev wins face-off versus Blake Lizotte in Philadelphia Phantoms zone.
6:48 of 1st period - Wrist shot by Emil Bemstrom.
6:48 of 1st period - Stopped by Connor Ingram with a rebound.
7:09 of 1st period - Wrist shot by Nathan Bastian.
7:09 of 1st period - Stopped by Arvid Soderblom with a rebound.
7:11 of 1st period - Snap shot by Nathan Bastian.
7:11 of 1st period - Stopped by Arvid Soderblom with a rebound.
7:13 of 1st period - Slapshot by Brad Hunt.
7:13 of 1st period - Deflect By Nathan Bastian.
7:13 of 1st period - Stopped by Arvid Soderblom with a rebound.
8:17 of 1st period - Casey Fitzgerald is hit by Zach Aston-Reese.
8:27 of 1st period - Chris Tierney is hit by Casey Fitzgerald and loses puck.
8:46 of 1st period - Slapshot by Teddy Blueger.
8:46 of 1st period - Deflect By Pierre-Edouard Bellemare.
8:46 of 1st period - Stopped by Connor Ingram without a rebound.
8:47 of 1st period - Teddy Blueger wins face-off versus Adam Ruzicka in Philadelphia Phantoms zone.
8:48 of 1st period - Slapshot by Pierre-Edouard Bellemare.
8:48 of 1st period - Stopped by Connor Ingram with a rebound.
8:50 of 1st period - Slapshot by Timothy Liljegren.
8:50 of 1st period - Stopped by Connor Ingram with a rebound.
9:17 of 1st period - Wrist shot by Henrik Borgstrom.
9:17 of 1st period - Goal by Henrik Borgstrom - Philadelphia Phantoms : 0 - Havana Tropicals : 1.
9:18 of 1st period - Blake Lizotte wins face-off versus Teddy Blueger in neutral zone.
9:37 of 1st period - Zach Whitecloud is hit by Casey Fitzgerald and loses puck.
9:55 of 1st period - Wrist shot by Zach Whitecloud.
9:55 of 1st period - Shot Misses the Net.
9:57 of 1st period - Slapshot by Zach Whitecloud.
9:57 of 1st period - Stopped by Connor Ingram with a rebound.
9:59 of 1st period - Slapshot by Robert Bortuzzo.
9:59 of 1st period - Stopped by Connor Ingram with a rebound.
10:46 of 1st period - Slapshot by Zach Aston-Reese.
10:46 of 1st period - Stopped by Connor Ingram with a rebound.
11:05 of 1st period - Minor Penalty to Brandon Duhaime for Tripping.
11:06 of 1st period - Teddy Blueger wins face-off versus Otto Koivula in Philadelphia Phantoms zone.
11:42 of 1st period - Off-side.
11:43 of 1st period - Mason Shaw wins face-off versus Teddy Blueger in neutral zone.
11:59 of 1st period - Snap shot by Zach Aston-Reese.
11:59 of 1st period - Deflect By Teddy Blueger.
11:59 of 1st period - Stopped by Connor Ingram without a rebound.
12:00 of 1st period - Mason Shaw wins face-off versus Chris Tierney in Philadelphia Phantoms zone.
12:35 of 1st period - Noah Juulsen is hit by Zach Whitecloud and loses puck.
13:05 of 1st period - Penalty to Brandon Duhaime is over, Brandon Duhaime is back on ice.
14:17 of 1st period - Snap shot by Alexander Holtz.
14:17 of 1st period - Stopped by Arvid Soderblom with a rebound.
14:19 of 1st period - Snap shot by Mason Shaw.
14:19 of 1st period - Stopped by Arvid Soderblom with a rebound.
14:21 of 1st period - Snap shot by Alexander Holtz.
14:21 of 1st period - Deflect By Otto Koivula.
14:21 of 1st period - Stopped by Arvid Soderblom with a rebound.
14:23 of 1st period - Slapshot by William Borgen.
14:23 of 1st period - Shot Misses the Net.
14:42 of 1st period - Icing by Nick Cousins.
14:43 of 1st period - Blake Lizotte wins face-off versus Teddy Blueger in Philadelphia Phantoms zone.
14:58 of 1st period - Zach Aston-Reese is hit by Tyson Foerster and loses puck.
15:09 of 1st period - Jacob Larsson is hit by Chris Tierney and loses puck.
15:32 of 1st period - Snap shot by Philipp Kurashev.
15:32 of 1st period - Shot Misses the Net.
15:52 of 1st period - Wrist shot by Nolan Foote.
15:52 of 1st period - Stopped by Connor Ingram without a rebound.
15:53 of 1st period - Henrik Borgstrom wins face-off versus Otto Koivula in Philadelphia Phantoms zone.
16:01 of 1st period - Slapshot by Robert Bortuzzo.
16:01 of 1st period - Stopped by Connor Ingram with a rebound.
16:03 of 1st period - Slapshot by Robert Bortuzzo.
16:03 of 1st period - Shot Blocked by Alexander Holtz.
16:05 of 1st period - Snap shot by Alexander Nylander.
16:05 of 1st period - Deflect By Nolan Foote.
16:05 of 1st period - Shot Blocked by Brad Hunt.
16:05 of 1st period - Puck is out of play.
16:06 of 1st period - Zach Aston-Reese wins face-off versus Jaret Anderson-Dolan in Philadelphia Phantoms zone.
16:07 of 1st period - Wrist shot by Pierre-Edouard Bellemare.
16:07 of 1st period - Shot Misses the Net.
16:33 of 1st period - Noah Juulsen is hit by Chris Tierney and loses puck.
16:45 of 1st period - Minor Penalty to Casey Fitzgerald for Holding.
16:46 of 1st period - Otto Koivula wins face-off versus Teddy Blueger in Philadelphia Phantoms zone.
17:11 of 1st period - Milan Lucic is hit by William Borgen.
17:19 of 1st period - Minor Penalty to Milan Lucic for Hooking.
17:20 of 1st period - Blake Lizotte wins face-off versus Teddy Blueger in Havana Tropicals zone.
17:23 of 1st period - Snap shot by Nathan Bastian.
17:23 of 1st period - Stopped by Arvid Soderblom without a rebound.
17:24 of 1st period - Teddy Blueger wins face-off versus Blake Lizotte in Havana Tropicals zone.
17:31 of 1st period - Snap shot by Pierre-Edouard Bellemare.
17:31 of 1st period - Stopped by Connor Ingram with a rebound.
18:41 of 1st period - Nick Cousins is hit by Zach Aston-Reese and loses puck.
18:45 of 1st period - Penalty to Casey Fitzgerald is over, Casey Fitzgerald is back on ice.
19:19 of 1st period - Penalty to Milan Lucic is over, Milan Lucic is back on ice.
19:24 of 1st period - Zach Aston-Reese is hit by Mason Shaw and loses puck.
19:29 of 1st period - Snap shot by Alexander Holtz.
19:29 of 1st period - Stopped by Arvid Soderblom without a rebound.
19:30 of 1st period - Chris Tierney wins face-off versus Otto Koivula in Havana Tropicals zone.
Goals for this period are 0 for Philadelphia Phantoms vs 1 for Havana Tropicals.
Shots for this period are 8 for Philadelphia Phantoms vs 13 for Havana Tropicals.
2nd period
0:01 of 2nd period - Teddy Blueger wins face-off versus Brett Murray in neutral zone.
0:04 of 2nd period - Slapshot by Pierre-Edouard Bellemare.
0:04 of 2nd period - Shot Misses the Net.
0:06 of 2nd period - Slapshot by Robert Bortuzzo.
0:06 of 2nd period - Stopped by Connor Ingram without a rebound.
0:07 of 2nd period - Teddy Blueger wins face-off versus Brett Murray in Philadelphia Phantoms zone.
0:34 of 2nd period - Slapshot by Casey Fitzgerald.
0:34 of 2nd period - Stopped by Arvid Soderblom with a rebound.
0:42 of 2nd period - Slapshot by Chris Tierney.
0:42 of 2nd period - Deflect By Casey Fitzgerald.
0:42 of 2nd period - Goal by Chris Tierney - Philadelphia Phantoms : 0 - Havana Tropicals : 2.
0:43 of 2nd period - Teddy Blueger wins face-off versus Jaret Anderson-Dolan in neutral zone.
0:46 of 2nd period - Snap shot by Teddy Blueger.
0:46 of 2nd period - Stopped by Connor Ingram with a rebound.
1:09 of 2nd period - Robert Bortuzzo is hit by Casey Fitzgerald and loses puck.
1:38 of 2nd period - Robert Bortuzzo is hit by Noah Juulsen.
1:42 of 2nd period - Snap shot by Pierre-Edouard Bellemare.
1:42 of 2nd period - Goal by Pierre-Edouard Bellemare - Philadelphia Phantoms : 0 - Havana Tropicals : 3.
1:43 of 2nd period - Blake Lizotte wins face-off versus Chris Tierney in neutral zone.
1:57 of 2nd period - Slapshot by Chris Tierney.
1:57 of 2nd period - Shot Misses the Net.
2:39 of 2nd period - Wrist shot by William Borgen.
2:39 of 2nd period - Deflect By Jaret Anderson-Dolan.
2:39 of 2nd period - Shot Misses the Net.
2:39 of 2nd period - Puck is out of play.
2:40 of 2nd period - Teddy Blueger wins face-off versus Blake Lizotte in Havana Tropicals zone.
2:51 of 2nd period - Off-side.
2:52 of 2nd period - Blake Lizotte wins face-off versus Teddy Blueger in neutral zone.
2:55 of 2nd period - Zach Aston-Reese is hit by William Borgen and loses puck.
3:11 of 2nd period - Zach Aston-Reese is hit by William Borgen and loses puck.
3:26 of 2nd period - Milan Lucic is hit by Nathan Bastian and loses puck.
3:43 of 2nd period - Wrist shot by Otto Koivula.
3:43 of 2nd period - Stopped by Arvid Soderblom with a rebound.
3:51 of 2nd period - Mason Shaw is hit by Robert Bortuzzo and loses puck.
4:02 of 2nd period - Tucker Poolman is hit by Noah Juulsen and loses puck.
4:47 of 2nd period - Minor Penalty to Sammy Blais for Hooking.
4:48 of 2nd period - Blake Lizotte wins face-off versus Teddy Blueger in Havana Tropicals zone.
5:04 of 2nd period - Wrist shot by Nathan Bastian.
5:04 of 2nd period - Stopped by Arvid Soderblom with a rebound.
5:19 of 2nd period - Off-side.
5:20 of 2nd period - Teddy Blueger wins face-off versus Nathan Bastian in neutral zone.
5:28 of 2nd period - Icing by Adam Ruzicka.
5:29 of 2nd period - Jaret Anderson-Dolan wins face-off versus Teddy Blueger in Philadelphia Phantoms zone.
6:02 of 2nd period - Slapshot by Noah Juulsen.
6:02 of 2nd period - Shot Blocked by Zach Aston-Reese.
6:04 of 2nd period - Wrist shot by Nathan Bastian.
6:04 of 2nd period - Stopped by Arvid Soderblom with a rebound.
6:47 of 2nd period - Penalty to Sammy Blais is over, Sammy Blais is back on ice.
7:03 of 2nd period - Snap shot by Pavel Dorofeyev.
7:03 of 2nd period - Stopped by Connor Ingram without a rebound.
7:04 of 2nd period - Chris Tierney wins face-off versus Adam Ruzicka in Philadelphia Phantoms zone.
7:07 of 2nd period - Slapshot by Chris Tierney.
7:07 of 2nd period - Stopped by Connor Ingram without a rebound.
7:08 of 2nd period - Adam Ruzicka wins face-off versus Chris Tierney in Philadelphia Phantoms zone.
7:12 of 2nd period - Off-side.
7:13 of 2nd period - Adam Ruzicka wins face-off versus Chris Tierney in neutral zone.
7:20 of 2nd period - Slapshot by Casey Fitzgerald.
7:20 of 2nd period - Stopped by Arvid Soderblom with a rebound.
7:28 of 2nd period - Snap shot by Chris Tierney.
7:28 of 2nd period - Stopped by Connor Ingram with a rebound.
7:51 of 2nd period - Erik Gustafsson is hit by Milan Lucic and loses puck.
8:04 of 2nd period - Snap shot by Sammy Blais.
8:04 of 2nd period - Stopped by Connor Ingram without a rebound.
8:05 of 2nd period - Teddy Blueger wins face-off versus Jaret Anderson-Dolan in Philadelphia Phantoms zone.
8:06 of 2nd period - Slapshot by Zach Aston-Reese.
8:06 of 2nd period - Shot Blocked by Noah Juulsen.
8:11 of 2nd period - Icing by Nathan Bastian.
8:12 of 2nd period - Teddy Blueger wins face-off versus Jaret Anderson-Dolan in Philadelphia Phantoms zone.
8:15 of 2nd period - Snap shot by Zach Aston-Reese.
8:15 of 2nd period - Shot Blocked by Nathan Bastian.
8:39 of 2nd period - Wrist shot by Emil Bemstrom.
8:39 of 2nd period - Stopped by Connor Ingram without a rebound.
8:40 of 2nd period - Blake Lizotte wins face-off versus Philipp Kurashev in Philadelphia Phantoms zone.
8:54 of 2nd period - Snap shot by Nick Cousins.
8:54 of 2nd period - Shot Misses the Net.
9:04 of 2nd period - Robert Bortuzzo is hit by William Borgen.
9:17 of 2nd period - Off-side.
9:18 of 2nd period - Teddy Blueger wins face-off versus Jaret Anderson-Dolan in neutral zone.
9:51 of 2nd period - Snap shot by Sammy Blais.
9:51 of 2nd period - Stopped by Connor Ingram with a rebound.
10:35 of 2nd period - Snap shot by Blake Lizotte.
10:35 of 2nd period - Stopped by Arvid Soderblom with a rebound.
10:51 of 2nd period - Wrist shot by Zach Aston-Reese.
10:51 of 2nd period - Shot Misses the Net.
11:09 of 2nd period - Slapshot by Mason Shaw.
11:09 of 2nd period - Stopped by Arvid Soderblom with a rebound.
11:11 of 2nd period - Slapshot by Otto Koivula.
11:11 of 2nd period - Goal by Otto Koivula - Philadelphia Phantoms : 1 - Havana Tropicals : 3.
11:12 of 2nd period - Teddy Blueger wins face-off versus Blake Lizotte in neutral zone.
11:58 of 2nd period - Wrist shot by Mason Shaw.
11:58 of 2nd period - Stopped by Arvid Soderblom with a rebound.
12:00 of 2nd period - Slapshot by Casey Fitzgerald.
12:00 of 2nd period - Stopped by Arvid Soderblom with a rebound.
12:34 of 2nd period - Minor Penalty to Nolan Foote for Tripping.
12:35 of 2nd period - Blake Lizotte wins face-off versus Teddy Blueger in Havana Tropicals zone.
13:33 of 2nd period - Slapshot by Timothy Liljegren.
13:33 of 2nd period - Shot Blocked by Blake Lizotte.
13:35 of 2nd period - Snap shot by Chris Tierney.
13:35 of 2nd period - Stopped by Connor Ingram without a rebound.
13:36 of 2nd period - Chris Tierney wins face-off versus Nick Cousins in Philadelphia Phantoms zone.
14:34 of 2nd period - Penalty to Nolan Foote is over, Nolan Foote is back on ice.
14:36 of 2nd period - Icing by Jacob Larsson.
14:37 of 2nd period - Jaret Anderson-Dolan wins face-off versus Philipp Kurashev in Philadelphia Phantoms zone.
15:11 of 2nd period - Snap shot by Chris Tierney.
15:11 of 2nd period - Shot Blocked by Erik Gustafsson.
15:35 of 2nd period - Snap shot by Pierre-Edouard Bellemare.
15:35 of 2nd period - Stopped by Connor Ingram without a rebound.
15:36 of 2nd period - Teddy Blueger wins face-off versus Blake Lizotte in Philadelphia Phantoms zone.
15:51 of 2nd period - Wrist shot by Blake Lizotte.
15:51 of 2nd period - Stopped by Arvid Soderblom with a rebound.
16:23 of 2nd period - Slapshot by Nolan Foote.
16:23 of 2nd period - Shot Misses the Net.
16:25 of 2nd period - Snap shot by Nolan Foote.
16:25 of 2nd period - Deflect By Henrik Borgstrom.
16:25 of 2nd period - Shot Blocked by Noah Juulsen.
16:25 of 2nd period - Puck is out of play.
16:26 of 2nd period - Henrik Borgstrom wins face-off versus Mason Shaw in Philadelphia Phantoms zone.
16:39 of 2nd period - Wrist shot by Henrik Borgstrom.
16:39 of 2nd period - Shot Misses the Net.
16:41 of 2nd period - Slapshot by Henrik Borgstrom.
16:41 of 2nd period - Stopped by Connor Ingram with a rebound.
16:51 of 2nd period - Timothy Liljegren is hit by Nick Cousins and loses puck.
17:12 of 2nd period - William Borgen is hit by Chris Tierney and loses puck.
17:33 of 2nd period - Snap shot by Philipp Kurashev.
17:33 of 2nd period - Stopped by Connor Ingram with a rebound.
17:45 of 2nd period - Carson Meyer is hit by Zach Whitecloud and loses puck.
18:26 of 2nd period - Pierre-Edouard Bellemare is hit by Noah Juulsen and loses puck.
18:33 of 2nd period - Noah Juulsen is hit by Zach Aston-Reese and loses puck.
18:50 of 2nd period - Wrist shot by Nathan Bastian.
18:50 of 2nd period - Stopped by Arvid Soderblom without a rebound.
18:51 of 2nd period - Chris Tierney wins face-off versus Jaret Anderson-Dolan in Havana Tropicals zone.
Goals for this period are 1 for Philadelphia Phantoms vs 2 for Havana Tropicals.
Shots for this period are 12 for Philadelphia Phantoms vs 14 for Havana Tropicals.
3rd period
0:01 of 3rd period - Jaret Anderson-Dolan wins face-off versus Teddy Blueger in neutral zone.
0:27 of 3rd period - Sammy Blais is hit by Nick Cousins and loses puck.
0:34 of 3rd period - Slapshot by Robert Bortuzzo.
0:34 of 3rd period - Deflect By Chris Tierney.
0:34 of 3rd period - Shot Misses the Net.
0:34 of 3rd period - Puck is out of play.
0:35 of 3rd period - Chris Tierney wins face-off versus Blake Lizotte in Philadelphia Phantoms zone.
1:00 of 3rd period - Timothy Liljegren is hit by Jaret Anderson-Dolan and loses puck.
2:09 of 3rd period - Carson Meyer is hit by Pierre-Edouard Bellemare and loses puck.
3:06 of 3rd period - Wrist shot by Sammy Blais.
3:06 of 3rd period - Stopped by Connor Ingram with a rebound.
3:27 of 3rd period - Slapshot by Blake Lizotte.
3:27 of 3rd period - Stopped by Arvid Soderblom without a rebound.
3:28 of 3rd period - Teddy Blueger wins face-off versus Jaret Anderson-Dolan in Havana Tropicals zone.
3:28 of 3rd period - Zach Whitecloud and Brett Murray fight to a draw.
3:28 of 3rd period - Penalty to Zach Whitecloud for Fighting.
3:28 of 3rd period - Penalty to Brett Murray for Fighting.
3:29 of 3rd period - Jaret Anderson-Dolan wins face-off versus Teddy Blueger in Havana Tropicals zone.
3:30 of 3rd period - Wrist shot by Nathan Bastian.
3:30 of 3rd period - Shot Blocked by Teddy Blueger.
3:33 of 3rd period - Icing by Zach Aston-Reese.
3:34 of 3rd period - Teddy Blueger wins face-off versus Jaret Anderson-Dolan in Havana Tropicals zone.
3:46 of 3rd period - Snap shot by Teddy Blueger.
3:46 of 3rd period - Shot Misses the Net.
4:44 of 3rd period - Wrist shot by Mason Shaw.
4:44 of 3rd period - Shot Misses the Net.
5:06 of 3rd period - Slapshot by Nathan Bastian.
5:06 of 3rd period - Stopped by Arvid Soderblom with a rebound.
6:06 of 3rd period - Slapshot by Erik Gustafsson.
6:06 of 3rd period - Shot Misses the Net.
6:08 of 3rd period - Wrist shot by Mason Shaw.
6:08 of 3rd period - Stopped by Arvid Soderblom without a rebound.
6:09 of 3rd period - Mason Shaw wins face-off versus Teddy Blueger in Havana Tropicals zone.
6:12 of 3rd period - Wrist shot by Otto Koivula.
6:12 of 3rd period - Shot Blocked by Teddy Blueger.
6:14 of 3rd period - Snap shot by Mason Shaw.
6:14 of 3rd period - Stopped by Arvid Soderblom with a rebound.
6:16 of 3rd period - Snap shot by Otto Koivula.
6:16 of 3rd period - Goal by Otto Koivula - Philadelphia Phantoms : 2 - Havana Tropicals : 3.
6:17 of 3rd period - Jaret Anderson-Dolan wins face-off versus Teddy Blueger in neutral zone.
6:20 of 3rd period - Wrist shot by William Borgen.
6:20 of 3rd period - Stopped by Arvid Soderblom with a rebound.
6:22 of 3rd period - Slapshot by William Borgen.
6:22 of 3rd period - Stopped by Arvid Soderblom without a rebound.
6:23 of 3rd period - Nathan Bastian wins face-off versus Teddy Blueger in Havana Tropicals zone.
6:24 of 3rd period - Snap shot by Jaret Anderson-Dolan.
6:24 of 3rd period - Shot Blocked by Robert Bortuzzo.
6:26 of 3rd period - Slapshot by Jacob Larsson.
6:26 of 3rd period - Shot Blocked by Robert Bortuzzo.
6:38 of 3rd period - Snap shot by Nathan Bastian.
6:38 of 3rd period - Shot Misses the Net.
7:34 of 3rd period - Slapshot by Adam Ruzicka.
7:34 of 3rd period - Deflect By Nathan Bastian.
7:34 of 3rd period - Stopped by Arvid Soderblom with a rebound.
7:54 of 3rd period - Noah Juulsen is hit by Dean Kukan and loses puck.
8:01 of 3rd period - Snap shot by Teddy Blueger.
8:01 of 3rd period - Shot Blocked by Brad Hunt.
8:19 of 3rd period - Noah Juulsen is hit by Chris Tierney and loses puck.
8:30 of 3rd period - Wrist shot by Nathan Bastian.
8:30 of 3rd period - Stopped by Arvid Soderblom with a rebound.
8:34 of 3rd period - Backhand shot by Nathan Bastian.
8:34 of 3rd period - Shot Misses the Net.
8:36 of 3rd period - Backhand shot by Nathan Bastian.
8:36 of 3rd period - Stopped by Arvid Soderblom with a rebound.
8:38 of 3rd period - Slapshot by Erik Gustafsson.
8:38 of 3rd period - Stopped by Arvid Soderblom with a rebound.
8:40 of 3rd period - Slapshot by Casey Fitzgerald.
8:40 of 3rd period - Shot Blocked by Emil Bemstrom.
8:42 of 3rd period - Wrist shot by Casey Fitzgerald.
8:42 of 3rd period - Shot Blocked by Dennis Cholowski.
8:44 of 3rd period - Snap shot by Jaret Anderson-Dolan.
8:44 of 3rd period - Shot Blocked by Dennis Cholowski.
8:46 of 3rd period - Slapshot by Jacob Larsson.
8:46 of 3rd period - Shot Misses the Net.
8:48 of 3rd period - Slapshot by William Borgen.
8:48 of 3rd period - Stopped by Arvid Soderblom without a rebound.
8:49 of 3rd period - Mason Shaw wins face-off versus Teddy Blueger in Havana Tropicals zone.
8:50 of 3rd period - Snap shot by Alexander Holtz.
8:50 of 3rd period - Deflect By Zach Aston-Reese.
8:50 of 3rd period - Stopped by Arvid Soderblom with a rebound.
8:52 of 3rd period - Slapshot by Jacob Larsson.
8:52 of 3rd period - Shot Blocked by Zach Whitecloud.
8:54 of 3rd period - Wrist shot by Alexander Holtz.
8:54 of 3rd period - Stopped by Arvid Soderblom with a rebound.
8:56 of 3rd period - Slapshot by Jacob Larsson.
8:56 of 3rd period - Stopped by Arvid Soderblom without a rebound.
8:57 of 3rd period - Teddy Blueger wins face-off versus Mason Shaw in Havana Tropicals zone.
9:10 of 3rd period - Snap shot by Teddy Blueger.
9:10 of 3rd period - Shot Misses the Net.
9:39 of 3rd period - Wrist shot by Zach Aston-Reese.
9:39 of 3rd period - Shot Blocked by William Borgen.
9:41 of 3rd period - Slapshot by Robert Bortuzzo.
9:41 of 3rd period - Shot Hit the Post.
9:43 of 3rd period - Snap shot by Zach Whitecloud.
9:43 of 3rd period - Shot Blocked by William Borgen.
9:45 of 3rd period - Slapshot by Zach Whitecloud.
9:45 of 3rd period - Shot Blocked by Jacob Larsson.
9:47 of 3rd period - Snap shot by Pierre-Edouard Bellemare.
9:47 of 3rd period - Shot Misses the Net.
9:55 of 3rd period - Snap shot by Teddy Blueger.
9:55 of 3rd period - Shot Misses the Net.
9:57 of 3rd period - Slapshot by Zach Whitecloud.
9:57 of 3rd period - Stopped by Connor Ingram with a rebound.
9:59 of 3rd period - Snap shot by Zach Aston-Reese.
9:59 of 3rd period - Stopped by Connor Ingram without a rebound.
10:00 of 3rd period - Adam Ruzicka wins face-off versus Chris Tierney in Philadelphia Phantoms zone.
10:13 of 3rd period - Snap shot by Chris Tierney.
10:13 of 3rd period - Stopped by Connor Ingram with a rebound.
10:15 of 3rd period - Slapshot by Timothy Liljegren.
10:15 of 3rd period - Deflect By Sammy Blais.
10:15 of 3rd period - Goal by Sammy Blais - Philadelphia Phantoms : 2 - Havana Tropicals : 4.
10:16 of 3rd period - Blake Lizotte wins face-off versus Chris Tierney in neutral zone.
10:19 of 3rd period - Slapshot by Erik Gustafsson.
10:19 of 3rd period - Deflect By Chris Tierney.
10:19 of 3rd period - Stopped by Arvid Soderblom with a rebound.
10:26 of 3rd period - Milan Lucic and Nick Cousins fight to a draw.
10:26 of 3rd period - Penalty to Milan Lucic for Fighting.
10:26 of 3rd period - Penalty to Nick Cousins for Fighting.
10:27 of 3rd period - Blake Lizotte wins face-off versus Teddy Blueger in Philadelphia Phantoms zone.
10:27 of 3rd period - Blake Lizotte is hit by Zach Aston-Reese.
10:55 of 3rd period - Snap shot by Henrik Borgstrom.
10:55 of 3rd period - Stopped by Connor Ingram with a rebound.
10:57 of 3rd period - Slapshot by Tucker Poolman.
10:57 of 3rd period - Deflect By Henrik Borgstrom.
10:57 of 3rd period - Shot Misses the Net.
10:57 of 3rd period - Puck is out of play.
10:58 of 3rd period - Jaret Anderson-Dolan wins face-off versus Henrik Borgstrom in Philadelphia Phantoms zone.
11:27 of 3rd period - Slapshot by Alexander Nylander.
11:27 of 3rd period - Shot Blocked by Brad Hunt.
12:35 of 3rd period - Teddy Blueger is hit by Casey Fitzgerald and loses puck.
12:39 of 3rd period - Icing by Zach Whitecloud.
12:40 of 3rd period - Teddy Blueger wins face-off versus Carson Meyer in Havana Tropicals zone.
12:53 of 3rd period - Slapshot by Adam Ruzicka.
12:53 of 3rd period - Stopped by Arvid Soderblom with a rebound.
12:55 of 3rd period - Snap shot by William Borgen.
12:55 of 3rd period - Shot Blocked by Dennis Cholowski.
13:05 of 3rd period - Teddy Blueger is hit by Tyson Foerster and loses puck.
13:11 of 3rd period - Minor Penalty to Dean Kukan for Holding.
13:12 of 3rd period - Pierre-Edouard Bellemare wins face-off versus Blake Lizotte in Havana Tropicals zone.
13:24 of 3rd period - Wrist shot by Nathan Bastian.
13:24 of 3rd period - Deflect By Teddy Blueger.
13:24 of 3rd period - Shot Blocked by Robert Bortuzzo.
13:24 of 3rd period - Puck is out of play.
13:25 of 3rd period - Blake Lizotte wins face-off versus Teddy Blueger in Havana Tropicals zone.
13:30 of 3rd period - Slapshot by Blake Lizotte.
13:30 of 3rd period - Shot Misses the Net.
13:32 of 3rd period - Wrist shot by Mason Shaw.
13:32 of 3rd period - Goal by Mason Shaw - Philadelphia Phantoms : 3 - Havana Tropicals : 4.
13:33 of 3rd period - Jaret Anderson-Dolan wins face-off versus Teddy Blueger in neutral zone.
13:33 of 3rd period - Casey Fitzgerald beats up Pierre-Edouard Bellemare.
13:33 of 3rd period - Penalty to Pierre-Edouard Bellemare for Fighting.
13:33 of 3rd period - Penalty to Casey Fitzgerald for Fighting.
13:33 of 3rd period - Penalty to Casey Fitzgerald for instigated a fight.
13:33 of 3rd period - Penalty to Casey Fitzgerald for instigated a fight.
13:34 of 3rd period - Teddy Blueger wins face-off versus Otto Koivula in neutral zone.
13:39 of 3rd period - Snap shot by Philipp Kurashev.
13:39 of 3rd period - Goal by Philipp Kurashev - Philadelphia Phantoms : 3 - Havana Tropicals : 5.
13:40 of 3rd period - Jaret Anderson-Dolan wins face-off versus Teddy Blueger in neutral zone.
13:43 of 3rd period - Backhand shot by Nathan Bastian.
13:43 of 3rd period - Stopped by Arvid Soderblom without a rebound.
13:44 of 3rd period - Teddy Blueger wins face-off versus Jaret Anderson-Dolan in Havana Tropicals zone.
14:12 of 3rd period - Philipp Kurashev is hit by Erik Gustafsson and loses puck.
16:06 of 3rd period - Slapshot by Erik Gustafsson.
16:06 of 3rd period - Stopped by Arvid Soderblom with a rebound.
16:08 of 3rd period - Snap shot by Carson Meyer.
16:08 of 3rd period - Shot Misses the Net.
16:10 of 3rd period - Slapshot by Jacob Larsson.
16:10 of 3rd period - Stopped by Arvid Soderblom without a rebound.
16:11 of 3rd period - Chris Tierney wins face-off versus Mason Shaw in Havana Tropicals zone.
16:14 of 3rd period - Snap shot by Alexander Holtz.
16:14 of 3rd period - Stopped by Arvid Soderblom with a rebound.
16:22 of 3rd period - Slapshot by Chris Tierney.
16:22 of 3rd period - Stopped by Connor Ingram with a rebound.
16:24 of 3rd period - Slapshot by Tucker Poolman.
16:24 of 3rd period - Stopped by Connor Ingram without a rebound.
16:25 of 3rd period - Blake Lizotte wins face-off versus Chris Tierney in Philadelphia Phantoms zone.
16:50 of 3rd period - Wrist shot by Otto Koivula.
16:50 of 3rd period - Stopped by Arvid Soderblom with a rebound.
18:02 of 3rd period - Off-side.
18:03 of 3rd period - Mason Shaw wins face-off versus Henrik Borgstrom in neutral zone.
18:46 of 3rd period - Chris Tierney is hit by Noah Juulsen and loses puck.
19:28 of 3rd period - Icing by Pierre-Edouard Bellemare.
19:29 of 3rd period - Mason Shaw wins face-off versus Philipp Kurashev in Havana Tropicals zone.
Goals for this period are 2 for Philadelphia Phantoms vs 2 for Havana Tropicals.
Shots for this period are 23 for Philadelphia Phantoms vs 9 for Havana Tropicals.
Back to the Top